 Dungeon Crawl Stone Soup version 0.27.0-1-g7a089689b8 (webtiles) character file.

Game seed: 6820741815095924756

1115 wakim the Chiller (level 8, -3/72 HPs)
             Began as a Deep Elf Ice Elementalist on Aug 3, 2021.
             Slain by Menkaure (14 damage)
             ... on level 6 of the Dungeon.
             The game lasted 00:17:27 (7215 turns).

wakim the Chiller (Deep Elf Ice Elementalist)       Turns: 7215, Time: 00:17:28

Health: -3/72      AC:  6    Str:  6    XL:     8   Next: 12%
Magic:  17/17      EV: 14    Int: 22    God:
Gold:   740        SH:  0    Dex: 15    Spells: 5/17 levels left

rFire    . . .     SeeInvis .   a - +1 spear
rCold    . . .     Faith    .   (no shield)
rNeg     . . .     Spirit   .   b - +0 robe
rPois    +         Reflect  .   (no helmet)
rElec    .         Harm     .   g - +0 cloak
rCorr    .         Rampage  .   c - +2 pair of gloves
Will     +....                  (no boots)
Stlth    ..........             (no amulet)
HPRegen  0.22/turn              d - ring of poison resistance
MPRegen  0.15/turn              e - ring of willpower

@: mighty, berserking, very quick
A: no striking features
a: no special abilities


You were on level 6 of the Dungeon.
You visited 1 branch of the dungeon, and saw 7 of its levels.

You collected 740 gold pieces.

Inventory:

Hand Weapons
 a - a +1 spear (weapon)
Armour
 b - a +0 robe (worn)
 c - a +2 pair of gloves (worn)
 g - a +0 cloak (worn)
Jewellery
 d - a ring of poison resistance (left hand)
 e - a ring of willpower (right hand)
 f - a +6 ring of strength
Wands
 t - a wand of digging (7)
 v - a wand of flame (11)
Scrolls
 h - 2 scrolls of enchant armour
 r - 2 scrolls of identify
 X - a scroll of fog
Potions
 D - 2 potions of brilliance
 F - a potion of curing
 G - 3 potions of flight
 M - a potion of mutation {!q}


   Skills:
 - Level 4.0 Fighting
 - Level 6.0 Dodging
 - Level 2.4 Stealth
 - Level 5.0 Spellcasting
 + Level 1.7 Conjurations
 + Level 1.8 Fire Magic
 - Level 7.0 Ice Magic
 + Level 1.7 Earth Magic


You had 5 spell levels left.
You knew the following spells:

 Your Spells              Type           Power      Damage    Failure   Level
a - Freeze                Ice            100%       1d11      1%          1
b - Frozen Ramparts       Ice            72%        1d9       1%          3
c - Ozocubu's Armour      Ice            36%        N/A       1%          3
d - Bolt of Magma         Conj/Fire/Erth 6%         4d6       80%         5

Your spell library contained the following spells:

 Spells                   Type           Power      Damage    Failure   Level
 Sting                    Tmut/Pois      20%        1d4       10%         1
 Poisonous Vapours        Pois/Air       10%        N/A       16%         2
 Hailstorm                Conj/Ice       24%        3d7       17%         4
 Inner Flame              Hex/Fire       9%         N/A       22%         3
 Ignite Poison            Fire/Tmut/Pois 8%         N/A       24%         3
 Mephitic Cloud           Conj/Pois/Air  8%         N/A       24%         3
 Cause Fear               Hex            2%         N/A       69%         4
 Olgreb's Toxic Radiance  Pois           5%         N/A       69%         4
 Discord                  Hex            2%         N/A       100%        8


Dungeon Overview and Level Annotations

Branches:
Dungeon (7/15)
 Temple: D:4-7

Altars:
Ashenzari
Elyvilon
Gozag
Hepliaklqana
Makhleb
Nemelex Xobeh
Sif Muna

Annotations:
D:5 Dowan, Duvessa
D:6 exclusion: ice beast, Menkaure


Message History

Menkaure is moderately damaged.
Menkaure calls on the powers of darkness!
Your body is wracked with pain!
Unknown command.
Your icy armour will break if you move.
Continue?
Your icy armour cracks and falls away as you move.
Menkaure completely misses you.
Menkaure mumbles drily.
Menkaure completely misses you.
Menkaure giggles, "These cerements are ticklish..."
Menkaure closely misses you.
Menkaure whispers, "Let me perform the rites..."
There is a stone staircase leading up here.
Menkaure closely misses you.
You climb upwards.
Level annotation: exclusion: ice beast
There is a stone staircase leading down here.
Menkaure misses you.
Menkaure mumbles a few words.
Menkaure closely misses you.
Menkaure whispers, "Let me perform the rites..."
Menkaure calls on the powers of darkness!
Your body is wracked with pain!
* * * LOW HITPOINT WARNING * * *
You open the door. Menkaure misses you.
There is an open door here.
Menkaure calls on the powers of darkness!
Your body is wracked with pain!
* * * LOW HITPOINT WARNING * * *
Okay, then.
You don't have any unidentified items.
Unknown command.
Menkaure barely misses you.
You feel very mighty all of a sudden.
Menkaure is no longer moving quickly.
Menkaure hits you.
* * * LOW HITPOINT WARNING * * *
Really quaff
C - a potion of berserk rage {!q}?
A red film seems to cover your vision as you go berserk!
You feel yourself moving faster!
You feel mighty! Menkaure hits you!
You die...

#......<..........#..........
###+######..####....#.<........
###....# #..####....#..........
..'....# #.........Y...........
###....# ##.####....##.........
#....# #.####....#..........
#....######>...#....#..........
#.........#.##M######.........
###.........'.##@# .......
.....(......####.#
.#########.#.....# .# #.#.#####
.# #.#.# .# #.#.# .# #.#.# .#
#.#.# ## #.#.#


You could see Menkaure.

Vanquished Creatures
  A water moccasin (D:6)
  An ice beast (D:5)
  A necrophage (D:6)
  2 ogres
  2 scorpions (D:4)
  A centaur zombie (D:5)
  A gnoll shaman (D:3)
  A centaur skeleton (D:6)
  A hound (D:5)
  3 jellies
  3 orc priests
  Jessica (D:3)
  2 orc wizards
  Ijyb (D:3)
  A scorpion zombie (D:5)
  A killer bee zombie (D:6)
  3 adders
  A white imp (D:6)
  An ufetubus (D:4)
  2 dart slugs (D:2)
  13 orcs
  3 endoplasms
  2 giant cockroaches
  A goblin (D:2)
  5 hobgoblins
  5 kobolds
  2 quokkas
  4 ball pythons
  5 bats
  2 frilled lizards (D:1)
  5 rats
77 creatures vanquished.

Notes
Turn   | Place    | Note
-------+----------+-------------------------------------------
     0 | D:1      | wakim the Deep Elf Ice Elementalist began the quest for the
                  | Orb.
     0 | D:1      | Reached XP level 1. HP: 10/10 MP: 6/6
    42 | D:1      | Found a faded altar of an unknown god.
   625 | D:1      | Reached XP level 2. HP: 15/15 MP: 6/8
  1138 | D:2      | Reached skill level 5 in Ice Magic
  1632 | D:2      | Reached XP level 3. HP: 19/19 MP: 8/10
  1636 | D:2      | Learned a level 3 spell: Frozen Ramparts
  1640 | D:2      | Learned a level 3 spell: Ozocubu's Armour
  2071 | D:3      | Noticed Jessica
  2087 | D:3      | Killed Jessica
  2322 | D:3      | Reached skill level 6 in Ice Magic
  2322 | D:3      | Reached XP level 4. HP: 16/24 MP: 0/12
  2810 | D:3      | Reached XP level 5. HP: 18/28 MP: 4/13
  2813 | D:3      | Reached skill level 7 in Ice Magic
  3121 | D:3      | Noticed Ijyb
  3141 | D:3      | Killed Ijyb
  3266 | D:3      | Found a shimmering blue altar of Sif Muna.
  3266 | D:3      | Found a sparkling altar of Nemelex Xobeh.
  3266 | D:3      | Found a burning altar of Makhleb.
  3298 | D:3      | Found a hazy altar of Hepliaklqana.
  3298 | D:3      | Found a white marble altar of Elyvilon.
  3299 | D:3      | Found a broken altar of Ashenzari.
  3354 | D:3      | Identified a scroll of acquirement
  3354 | D:3      | Acquired 556 gold pieces
  3364 | D:3      | Learned a level 5 spell: Bolt of Magma
  3474 | D:4      | Noticed an ogre
  3482 | D:4      | Killed an ogre
  3483 | D:4      | Reached skill level 5 in Spellcasting
  3483 | D:4      | Reached XP level 6. HP: 33/33 MP: 5/15
  3655 | D:4      | Reached skill level 1 in Fighting
  4327 | D:4      | Found an opulent altar of Gozag.
  4694 | D:5      | Entered Level 5 of the Dungeon
  4754 | D:5      | Reached skill level 5 in Dodging
  4821 | D:5      | Noticed Duvessa
  4933 | D:5      | Reached XP level 7. HP: 38/39 MP: 14/16
  5429 | D:5      | Noticed Dowan
  6770 | D:6      | Reached skill level 1 in Conjurations
  6770 | D:6      | Reached skill level 1 in Fire Magic
  6770 | D:6      | Reached skill level 1 in Earth Magic
  6770 | D:6      | Reached XP level 8. HP: 44/48 MP: 17/17
  7176 | D:7      | Noticed Menkaure
  7215 | D:6      | Slain by Menkaure

Illustrated notes

Levels and vault maps discovered:
D:1:      dpeg_arrival_three_same_balls, layout_basic,
          hellmonk_ecumenical_altar_arch_garden
D:2:      layout_basic
D:3:      layout_loops_cross, grunt_temple_overflow_open, st_stairs_4,
          uniq_jessica, uniq_ijyb
D:4:      layout_basic, marbit_many_paths
D:5:      layout_cave_pods, minitemple, uniq_duvessa
D:6:      layout_basic, minmay_misc_feat_plants, kennysheep_donut
D:7:      minmay_the_grid_plus [minmay_the_grid_small_cups,
          minmay_the_grid_minigrid_small, minmay_the_grid_tiny_cups,
          minmay_the_grid_mess, minmay_the_grid_prize_trominoes], layout_basic,
          minmay_temple_entry_ruins, hangedman_decor_opposing, uniq_menkaure,
          uniq_joseph

Skill      XL: |  1  2  3  4  5  6  7 |
---------------+----------------------+-----
Ice Magic      | 5 6 7 |  7.0
Spellcasting   | 4 5 |  5.0
Dodging        | 3 5 6 |  6.0
Fighting       | 1 4 |  4.0
Conjurations   | 1 |  1.7
Fire Magic     | 1 |  1.8
Earth Magic    | 1 |  1.7
Stealth        | |  2.4

Action                   |  1- 3 |  4- 6 |  7- 9 || total
-------------------------+-------+-------+-------++-------
Melee: Spear             |    14 |    53 |    87 ||   154
 Cast: Freeze            |    34 |    11 |     2 ||    47
       Frozen Ramparts   |     4 |    20 |     9 ||    33
       Ozocubu's Armour  |     3 |     8 |    12 ||    23
Evoke: Wand              |       |     1 |     7 ||     8
  Use: Scroll            |     3 |     9 |     3 ||    15
       Potion            |       |       |     2 ||     2
 Stab: Sleeping          |     4 |       |       ||     4
Armor: Robe              |     6 |    40 |    50 ||    96
Dodge: Dodged            |    16 |    67 |    85 ||   168
